 Dungeon Crawl Stone Soup version 0.29-a0-275-g389c0b56f3 (webtiles) character file.

Game seed: 16723231300155922923

4988 HotDog the Protected (level 10, -1/61 HPs)
             Began as a Gargoyle Fighter on Mar 11, 2022.
             Was an Elder of Nemelex Xobeh.
             Slain by a boulder beetle (19 damage)
             ... on level 10 of the Dungeon.
             The game lasted 00:15:07 (10216 turns).

HotDog the Protected (Gargoyle Fighter)            Turns: 10216, Time: 00:15:07

Health: -1/61      AC: 21    Str: 22    XL:     10   Next: 54%
Magic:  22/22      EV:  8    Int:  9    God:    Nemelex Xobeh [****..]
Gold:   347        SH:  5    Dex: 11    Spells: 9/9 levels left

rFire   . . .      SeeInvis .   a - +1 flail
rCold   + . .      Faith    .   c - +0 buckler
rNeg    + . .      Spirit   .   p - +0 chain mail
rPois   ∞          Reflect  .   s - +0 helmet
rElec   +          Harm     .   (no cloak)
rCorr   .          Rampage  .   u - +0 pair of gloves
Will    .....                   (no boots)
Stlth   ..........              (no amulet)
HPRegen 0.20/turn               e - ring of protection from cold
MPRegen 0.18/turn               n - ring of magical power

@: no status effects
A: sickness immunity, AC +7, negative energy resistance 1, electricity
resistance, torment resistance 1, petrification resistance
a: Renounce Religion, Draw Escape, Draw Destruction, Draw Summoning, Triple
Draw, Deal Four


You were on level 10 of the Dungeon.
You worshipped Nemelex Xobeh.
Nemelex Xobeh was greatly pleased with you.
You visited 2 branches of the dungeon, and saw 11 of its levels.

You collected 347 gold pieces.

Inventory:

Hand Weapons
 a - a +1 flail (weapon)
Armour
 c - a +0 buckler (worn)
 p - a +0 chain mail (worn)
 s - a +0 helmet (worn)
 u - a +0 pair of gloves (worn)
Jewellery
 e - a ring of protection from cold (left hand)
 n - a ring of magical power (right hand)
 v - a ring of magical power
Wands
 l - a wand of mindburst (6)
 t - a wand of iceblast (6)
Scrolls
 b - a scroll of identify
 f - a scroll of immolation
 j - 2 scrolls of fog
 k - a scroll of amnesia
 q - 6 scrolls of teleportation
 x - a scroll of enchant armour
Potions
 d - 3 potions of might
 g - 4 potions of attraction
 h - 3 potions of flight
 i - a potion of mutation
 m - 5 potions of curing
 o - a potion of lignification
 r - a potion of haste {unknown}
 w - 3 potions of brilliance {unknown}
 z - a potion of invisibility {unknown}


   Skills:
 * Level 6.7 Fighting
 * Level 9.2 Maces & Flails
 * Level 9.3 Armour
 + Level 1.8 Dodging
 * Level 6.8 Shields
 * Level 5.2 Invocations


You had 9 spell levels left.
You didn't know any spells.
Your spell library contained the following spells:

 Spells                   Type           Power      Damage    Failure   Level
 Animate Skeleton         Necr           0%         N/A       97%         1
 Apportation              Tloc           0%         N/A       97%         1
 Sting                    Tmut/Pois      0%         1d3       97%         1
 Summon Small Mammal      Summ           0%         N/A       97%         1
 Poisonous Vapours        Pois/Air       0%         N/A       99%         2
 Leda's Liquefaction      Hex/Erth       0%         N/A       100%        4
 Olgreb's Toxic Radiance  Pois           0%         N/A       100%        4
 Lee's Rapid Deconstruct  Erth           0%         3d5*      100%        5
 Malign Gateway           Summ/Tloc      0%         N/A       100%        7
 Summon Horrible Things   Summ           0%         N/A       100%        8
 Statue Form              Tmut/Erth      Unusable   N/A       N/A         6

Dungeon Overview and Level Annotations

Branches:
Dungeon (10/15)            Temple (1/1) D:5
   Lair: D:8-11         Orc: D:9-12

Altars:
Ashenzari
Cheibriados
Dithmenos
Elyvilon
Fedhas
Gozag
Hepliaklqana
Kikubaaqudgha
Makhleb
Nemelex Xobeh
Qazlal
Ru
Sif Muna
Trog
Uskayaw
Vehumet
Wu Jian
Yredelemnul
Zin
The Shining One

Shops:
D:1 (   D:4 =

Annotations:
D:3 Sigmund
D:4 3 runed translucent doors, AlexTheTrain1's ghost, amateur MiFi


Innate Abilities, Weirdness & Mutations

You are immune to sickness and miasma.
Your stone body is resilient. (AC +7)
You are immune to poison.
You resist negative energy. (rN+)
You are resistant to electric shocks. (rElec)
You are resistant to unholy torment.
You are immune to petrification.


Message History

An orc wizard comes into view. It is wielding a +0 dagger.
The orc wizard shouts!
The boulder beetle curls into a ball and begins rolling!
The troll bites you. The troll claws you but does no damage.
You block the troll's attack.
You thump the troll!
The troll is moderately wounded.
An orc wizard comes into view. It is wielding a +0 dagger.
The troll bites you but does no damage. You block the troll's attack.
The troll claws you but does no damage.
There are monsters nearby!
There are monsters nearby!
The boulder beetle hits you.
The boulder beetle stops rolling and uncurls.
The boulder beetle attacks as you move away!
The boulder beetle bites you.
You enter the shallow water.
Moving in this stuff is going to be slow.
You draw a card...
You have drawn the Dance.
The troll bites you but does no damage.
The troll claws you but does no damage. x2
The boulder beetle bites you.
The boulder beetle attacks as you move away!
You block the boulder beetle's attack.
An orc wizard comes into view. It is wielding a +0 dagger.
The troll bites you but does no damage. The troll barely misses you.
The troll claws you but does no damage. The boulder beetle bites you!
You draw a card...
You have drawn the Pentagram.
The orc wizard casts a spell.
The orc wizard flickers and vanishes!
Deactivating autopickup; reactivate with Ctrl-A.
The orc wizard mumbles some strange words.
The orc wizard flickers and vanishes!
The troll bites you. The troll claws you.
* * * LOW HITPOINT WARNING * * *
The troll claws you but does no damage.
The boulder beetle bites you but does no damage.
Your -1 long sword "Qamouhyr" {vorpal, Fragile Int+2 Stlth+} hits the troll.
You swap places.
The boulder beetle attacks as you move away!
The boulder beetle bites you!!
You die...
Your body glows with a rainbow of weird colours and disappears.

≈≈≈.≈≈≈................#...
≈≈..≈≈≈.≈≈≈≈≈..≈≈≈≈≈##.# .#
....≈≈≈.≈≈≈≈≈..≈≈≈≈≈# ..
≈≈..............≈≈≈≈##
.≈...≈≈.≈≈≈.≈..≈≈≈....
.....≈≈........≈≈≈.≈#.
..............R.......
.≈....≈.≈≈≈≈≈.........
............@.........
..≈...≈.≈≈(TB...≈≈≈...
......................
.....≈≈≈......≈≈≈...
.....≈≈...{.....≈...
..≈..≈≈≈≈≈≈.........
..........{.o....≈.
..............##.#
#.##.............


You could see a boulder beetle, a troll (ally target), an orc wizard, a friendly
rakshasa (summoned), a friendly soul eater (summoned) and a friendly -1 long
sword "Qamouhyr" {vorpal, Fragile Int+2 Stlth+} (summoned).

Vanquished Creatures
  A cyclops (D:8)
  A troll (D:8)
  A wyvern (D:7)
  3 yaks (D:9)
  2 water moccasins
  2 ice beasts
  A black bear (D:6)
  4 orc warriors (D:7)
  5 centaurs
  3 bullfrogs
  A necrophage (D:7)
  A scorpion (D:5)
  4 wights
  3 killer bees (D:7)
  3 electric eels (D:10)
  3 hounds (D:5)
  A jelly (D:8)
  4 orc priests
  2 gnoll shamans
  2 iguanas
  3 orc wizards (D:7)
  9 gnolls
  7 adders
  2 white imps
  A worm (D:2)
  12 orcs
  4 ball pythons
  A bat (D:1)
  5 endoplasms
  3 giant cockroaches
  3 goblins
  6 hobgoblins
  2 quokkas
  3 frilled lizards
  6 kobolds
  4 rats
118 creatures vanquished.

Vanquished Creatures (collateral kills)
  A two-headed ogre (D:9)
  A water moccasin (D:9)
  An orc warrior (D:9)
  A bullfrog (D:9)
  4 wights
  3 killer bees (D:7)
  An orc wizard (D:9)
  A white imp (D:7)
  2 orcs (D:9)
15 creatures vanquished.

Vanquished Creatures (others)
  14 plants (D:7)
14 creatures vanquished.

Grand Total: 147 creatures vanquished

Notes
Turn   | Place    | Note
-------+----------+-------------------------------------------
     0 | D:1      | HotDog the Gargoyle Fighter began the quest for the Orb.
     0 | D:1      | Reached XP level 1. HP: 14/14 MP: 1/1
     2 | D:1      | Noticed a felid
     2 | D:1      | Noticed a vampire
     4 | D:1      | Noticed a ghoul
     6 | D:1      | Noticed an ogre
     8 | D:1      | Noticed a demonspawn
     8 | D:1      | Noticed a minotaur
    10 | D:1      | Noticed a draconian
    12 | D:1      | Noticed an octopode
    12 | D:1      | Noticed a vine stalker
    14 | D:1      | Noticed an elf
    14 | D:1      | Noticed a tengu
    16 | D:1      | Noticed a gargoyle
    18 | D:1      | Noticed a naga
    20 | D:1      | Noticed a formicid
    20 | D:1      | Noticed a demigod
    22 | D:1      | Noticed a merfolk
    22 | D:1      | Noticed a spriggan
    24 | D:1      | Noticed a dwarf
    24 | D:1      | Noticed a human
    26 | D:1      | Noticed a troll
   306 | D:1      | Found a faded altar of an unknown god.
   309 | D:1      | Reached XP level 2. HP: 19/19 MP: 2/2
   313 | D:1      | Prayed at the altar of an unknown god.
   313 | D:1      | Became a worshipper of Nemelex Xobeh the Trickster
   313 | D:1      | Reached * piety under Nemelex Xobeh
   313 | D:1      | Received a gift from Nemelex Xobeh
   895 | D:1      | Found Masuh's Antique Weapon Shop.
   961 | D:2      | Reached XP level 3. HP: 23/23 MP: 3/3
  1770 | D:2      | Reached ** piety under Nemelex Xobeh
  1883 | D:3      | Reached XP level 4. HP: 29/29 MP: 4/4
  1942 | D:3      | Noticed Sigmund
  1962 | D:4      | Noticed an ice beast
  1967 | D:4      | Reached skill level 1 in Invocations
  1978 | D:4      | Killed an ice beast
  1979 | D:4      | Reached skill level 1 in Dodging
  1979 | D:4      | Reached XP level 5. HP: 9/33 MP: 6/6
  2210 | D:4      | Found Gevyet's Jewellery Shoppe.
  2302 | D:4      | Received a gift from Nemelex Xobeh
  2351 | D:4      | Noticed a water moccasin
  2356 | D:4      | Killed a water moccasin
  2357 | D:4      | Reached XP level 6. HP: 38/38 MP: 7/7
  2430 | D:4      | Noticed AlexTheTrain1's ghost (amateur MiFi)
  2430 | D:4      | Noticed an ice beast
  2430 | D:4      | Noticed an ice beast
  2482 | D:4      | Found a runed translucent gate.
  2482 | D:4      | Found a runed translucent gate.
  2482 | D:4      | Found a runed translucent gate.
  2961 | D:5      | Entered Level 5 of the Dungeon
  3093 | D:5      | Reached XP level 7. HP: 38/43 MP: 8/8
  3208 | D:5      | Reached skill level 5 in Armour
  3435 | D:5      | Reached skill level 5 in Maces & Flails
  3804 | D:5      | Found a blossoming altar of Fedhas.
  3921 | D:5      | Reached *** piety under Nemelex Xobeh
  4101 | D:5      | Reached XP level 8. HP: 48/48 MP: 10/10
  4318 | D:5      | Found a staircase to the Ecumenical Temple.
  4330 | Temple   | Entered the Ecumenical Temple
  4668 | D:6      | Received a gift from Nemelex Xobeh
  4864 | D:6      | Reached skill level 5 in Shields
  5691 | D:7      | Received a gift from Nemelex Xobeh
  5800 | D:7      | Reached skill level 5 in Fighting
  6016 | D:7      | Reached **** piety under Nemelex Xobeh
  6153 | D:7      | Reached XP level 9. HP: 46/54 MP: 11/11
  6165 | D:7      | Found a sacrificial altar of Ru.
  6167 | D:7      | Found a glowing golden altar of the Shining One.
  7606 | D:7      | Received a gift from Nemelex Xobeh
  8520 | D:8      | Found a broken altar of Ashenzari.
  8717 | D:8      | Noticed a troll
  8733 | D:8      | Killed a troll
  8917 | D:8      | Noticed a two-headed ogre
  8918 | D:8      | Noticed a cyclops
  8918 | D:8      | a two-headed ogre changed into a cyclops
  8924 | D:8      | Killed a cyclops
  8925 | D:8      | Reached XP level 10. HP: 60/60 MP: 13/13
  9568 | D:9      | Received a gift from Nemelex Xobeh
  9580 | D:9      | Noticed a two-headed ogre
  9593 | D:9      | Killed a two-headed ogre
  9594 | D:9      | Reached skill level 5 in Invocations
  9914 | D:9      | Noticed a two-headed ogre
 10149 | D:10     | Entered Level 10 of the Dungeon
 10206 | D:10     | Noticed a boulder beetle
 10213 | D:10     | Identified the -1 long sword "Qamouhyr" {vorpal, Fragile
                  | Int+2 Stlth+}
 10216 | D:10     | Slain by a boulder beetle

Illustrated notes

Levels and vault maps discovered:
D:1:      kb_arrival_jail, layout_basic,
          dreamdust_ecumenical_altar_angels_and_demons, serial_shops, shop,
          nrook_mini_backslash, minmay_3d_cube
D:2:      layout_basic
D:3:      layout_basic, okawaru_trees_2, uniq_sigmund
D:4:      layout_basic, serial_shops, kennysheep_mini, gammafunk_ghost_icy
D:5:      layout_gridville, fedhas_altar_4, temple_green,
          chequers_decorated_corner
D:6:      layout_cave_pods
D:7:      layout_layer_cave, gammafunk_temple_overflow_wave,
          serial_bayou_crossing
D:8:      layout_basic, nicolae_ashenzari_panopticon
D:9:      layout_loops_ring, kennysheep_generic_room_2
D:10:     layout_basic, led_xom_imps, gammafunk_ghost_hive, uniq_erica,
          uniq_snorg, uniq_urug
Temple:   nicolae_temple_x_marks_the_god

Skill      XL: |  1  2  3  4  5  6  7  8  9 10 |
---------------+-------------------------------+-----
Invocations    | 1 2 3 4 5 |  5.2
Maces & Flails | 3 4 5 6 8 9 |  9.2
Armour         | 4 5 6 8 9 |  9.3
Dodging        | 1 |  1.8
Fighting       | 4 5 6 |  6.7
Shields        | 4 5 6 |  6.8

Action                   |  1- 3 |  4- 6 |  7- 9 | 10-12 || total
-------------------------+-------+-------+-------+-------++-------
Melee: Flail             |    87 |    56 |   242 |    59 ||   444
Invok: Draw Destruction  |       |     3 |    14 |       ||    17
       Draw Escape       |       |       |     4 |     1 ||     5
       Draw Summoning    |       |       |     4 |     3 ||     7
       Triple Draw       |       |       |     1 |     2 ||     3
  Use: Scroll            |     5 |       |     6 |     1 ||    12
       Potion            |     2 |       |     2 |     1 ||     5
Armor: Scale mail        |    38 |       |       |       ||    38
       Chain mail        |     3 |    36 |   200 |    50 ||   289
Dodge: Dodged            |    42 |    26 |   113 |    20 ||   201
Block: Buckler           |    11 |    28 |    72 |    17 ||   128

Table legend: (Time is in decaauts)
 A = Elapsed time spent in this place.
 B = Non-inter-level travel time spent in this place.
 C = Inter-level travel time spent in this place.
 D = Time resting spent in this place.
 E = Time spent auto-exploring this place.
 F = Levels seen in this place.
 G = Mean time per level.
                   A        B        C        D        E       F      G
               +--------+--------+--------+--------+--------+-----+--------+
         Total |  10308 |   9992 |    316 |   1291 |   7334 |  11 |  937.1 |
       Dungeon |  10240 |   9940 |    300 |   1291 |   7288 |  10 | 1024.0 |
        Temple |     67 |     51 |     16 |      0 |     46 |   1 |   67.0 |
               +--------+--------+--------+--------+--------+-----+--------+

Top non-repeatable levels by time:
     D:7: 2436 daAuts
     D:8: 1660 daAuts
     D:5: 1442 daAuts
     D:6: 1239 daAuts
     D:4: 1017 daAuts
     D:1: 941 daAuts
     D:2: 928 daAuts
     D:9: 391 daAuts
     D:3: 110 daAuts
    D:10: 73 daAuts
  Temple: 67 daAuts
